 Dungeon Sprint DCSS version 0.27.1-33-g824d729ab1 (webtiles) character file.

Game seed: 6609786302613820209

10257 Hipnos the Ninja (level 11, -5/58 HPs)
             Began as a Spriggan Brigand on Dec 1, 2021.
             Was a High Priest of Okawaru.
             Slain by a lorocyproca (31 damage)
             ... in the Dungeon (Sprint I: "Red Sonja").
             The game lasted 00:13:37 (2379 turns).

Hipnos the Ninja (Spriggan Brigand)                 Turns: 2379, Time: 00:13:38

Health: -5/58      AC:  3    Str: 14    XL:     11   Next: 33%
Magic:  0/12       EV: 30    Int: 22    God:    Okawaru [*****.]
Gold:   378        SH:  0    Dex: 19    Spells: 1/10 levels left

rFire    + . .     SeeInvis +   m - +2 dagger (venom)
rCold    . . .     Faith    .   (shield restricted)
rNeg     . . .     Spirit   .   s - +1 robe of the Evening {+Blink Str+6}
rPois    +         Reflect  .   (helmet restricted)
rElec    +         Harm     +   o - scarf {harm}
rCorr    .         Rampage  .   (gloves unavailable)
Will     +....     NoTele   +   (boots unavailable)
Stlth    ++++++++++             (no amulet)
HPRegen  0.19/turn              u - ring "Zuwk" {Drain +Blink rElec rPois Int+9}
MPRegen  0.13/turn              v - ring of protection from fire

@: heroic, finesse-ful, very quick
A: very small, no large weapons, unfitting armour, see invisible, speed 3
a: Renounce Religion, Evoke Blink, Heroism, Finesse


You were in the Dungeon.
You worshipped Okawaru.
Okawaru was extremely pleased with you.
You visited 1 branch You collected 1588 gold pieces.
You spent 1210 gold pieces at shops.

Inventory:

Hand Weapons
 a - a +2 dagger
 j - a +1 dagger of draining
 m - a +2 dagger of venom (weapon)
 q - the +7 hand axe of the Whelk {venom, rF+}
   (You found it in the Dungeon)

   It poisons the flesh of those it strikes.
   rF:        It protects you from fire.
Missiles
 d - 4 poisoned darts (quivered)
 e - 13 curare-tipped darts
 n - a datura-tipped dart
Armour
 b - a +0 robe
 c - a +0 cloak
 o - a scarf of harm (worn)
 p - a +1 cloak of poison resistance
 s - the +1 robe of the Evening (worn) {+Blink Str+6}
   (You found it in the Dungeon)

   Str:       It affects your strength (+6).
   +Blink:    It lets you blink.
Jewellery
 u - the ring "Zuwk" (left hand) {Drain +Blink rElec rPois Int+9}
   (You bought it in a shop in the Dungeon)

   [ring of poison resistance]

   Int:       It affects your intelligence (+9).
   rElec:     It insulates you from electricity.
   rPois:     It protects you from poison.
   +Blink:    It lets you blink.
   Drain:     It drains your maximum health when unequipped.
 v - a ring of protection from fire (right hand)
Scrolls
 k - 2 scrolls of blinking
Potions
 f - 4 potions of curing
 g - a potion of heal wounds
 h - a potion of haste
 i - 3 potions of magic
 l - a potion of flight {unknown}
 r - a potion of attraction {unknown}
 t - a potion of invisibility {unknown}


   Skills:
 + Level 6.7(11.7) Fighting
 + Level 11.3(16.3) Short Blades
 * Level 12.8(17.8) Throwing
 + Level 10.7(15.7) Dodging
 O Level 27 Stealth
 * Level 1.2 Hexes
 * Level 0.8 Air Magic


You had one spell level left.
You knew the following spells:

 Your Spells              Type           Power      Damage    Failure   Level
a - Swiftness             Air            3%         N/A       34%         3
b - Invisibility          Hex            2%         N/A       100%        6

Your spell library contained the following spells:

 Spells                   Type           Power      Damage    Failure   Level
 Passwall                 Tmut/Erth      0%         N/A       26%         2


Dungeon Overview and Level Annotations

Branches:
Dungeon (1/1)

Altars:
Cheibriados
Dithmenos
Elyvilon
Fedhas
Gozag
Hepliaklqana
Kikubaaqudgha
Makhleb
Nemelex Xobeh
Okawaru
Qazlal
Ru
Sif Muna
Trog
Uskayaw
Vehumet
Wu Jian
Xom
Yredelemnul
Zin
The Shining One
Jiyva
Lugonu

Shops:
D =:=![?:=[((:([([*


Innate Abilities, Weirdness & Mutations

You are very small and have problems with some larger weapons.
You are too small for most types of armour.
You have supernaturally acute eyesight. (SInv)
You cover ground extremely quickly. (Speed+++)


Message History

Okay, then.
Throw: 6 darts (poison)
Press: ? - help, Q - select action, (/) - cycle Shift-Dir - straight line, f - lorocyproca
Aim: a lorocyproca (noxious fumes, frenzied and insane, slightly transparent, 64% to hit)
You throw a poisoned dart.
The poisoned dart barely misses the lorocyproca.
Throw: 5 darts (poison)
Press: ? - help, Q - select action, (/) - cycle Shift-Dir - straight line, f - you, p - lorocyproca Really target yourself? [Y]es or [N]o only, please.
Really target yourself? [Y]es or [N]o only, please.
Really target yourself?
Okay, then.
Throw: 5 darts (poison)
Press: ? - help, Q - select action, (/) - cycle Shift-Dir - straight line, f - lorocyproca
Aim: a lorocyproca (noxious fumes, frenzied and insane, slightly transparent, 64% to hit)
You throw a poisoned dart. The poisoned dart hits the lorocyproca.
You gain the combat prowess of a mighty hero.
The lorocyproca misses you.
The lorocyproca refuses to make way for you. (Use ctrl+direction or * direction to attack.)
The lorocyproca refuses to make way for you. (Use ctrl+direction or * direction to attack.)
You can now deal lightning-fast blows.
The lorocyproca hits you but does no damage.
The lorocyproca refuses to make way for you. (Use ctrl+direction or * direction to attack.)
A lorocyproca is nearby!
No target in view!
The lorocyproca completely misses you.
There is an open door here.
You barely miss the lorocyproca. The lorocyproca closely misses you.
You hit the lorocyproca but do no damage.
You barely miss the lorocyproca. You barely miss the lorocyproca.
The lorocyproca hits you!!
You feel your power leaking away.
You barely miss the lorocyproca. You barely miss the lorocyproca.
You barely miss the lorocyproca. The lorocyproca hits you!!
Ouch! That really hurt!
You die...

#################################
.)'..#__#..'..)#[(#..§§§...§.§'..
..#..'..'..#...##'#§####.§§§.##..
####'#__####)..'.§#§# ###.§§#####
...#.####§§#####°○§§#+#$###+#
..##.#§§≈.§#§§##@####^.$#y#
#'#_.'≈§≈§..§§#°○2°°#..$###
'...§#≈≈≈§)#..#..°.^(..$$$#
#_.#'##.#####.###^°^#^.(..#
##'#(#[.)[###.'.#.^.###++##
##.####'###.###.#^.##
'...'.....'(∩##§#^^#
#...###########§##'#
##.###.......##.##)#


You could see a neutral lorocyproca (insane, invisible).

Vanquished Creatures
  A hydra (D)
  2 centaur warriors (D)
  Sonja (D)
  A deep troll (D)
  A lindwurm (D)
  An oklob plant (D)
  A gargoyle (D)
  4 demonic crawlers (D)
  2 unseen horrors (D)
  2 kobold demonologists (D)
  A hornet (D)
  A slime creature (D)
  2 redbacks (D)
  Sigmund (D)
  A yak (D)
  13 hogs (D)
  3 floating eyes (D)
  7 necrophages (D)
  An ogre (D)
  8 jellies (D)
  Ijyb (D)
  A ballistomycete spore (D)
56 creatures vanquished.

Vanquished Creatures (others)
  A ballistomycete spore (D)
1 creature vanquished.

Grand Total: 57 creatures vanquished

Notes
Turn   | Place    | Note
-------+----------+-------------------------------------------
     0 | D        | Hipnos the Spriggan Brigand began the quest for the Orb.
     0 | D        | Reached XP level 1. HP: 10/10 MP: 2/2
     2 | D        | Noticed Ijyb
    11 | D        | Killed Ijyb
    12 | D        | Reached skill level 9 in Stealth
    12 | D        | Reached XP level 2. HP: 11/15 MP: 3/3
   150 | D        | Noticed an ogre
   173 | D        | Killed an ogre
   174 | D        | Reached skill level 13 in Stealth
   174 | D        | Reached XP level 3. HP: 18/18 MP: 4/4
   174 | D        | Reached XP level 4. HP: 23/23 MP: 5/5
   197 | D        | Noticed Sigmund
   200 | D        | Killed Sigmund
   201 | D        | Reached skill level 5 in Throwing
   201 | D        | Reached skill level 16 in Stealth
   201 | D        | Reached XP level 5. HP: 27/27 MP: 6/6
   212 | D        | Found an ornate altar of the Wu Jian Council.
   212 | D        | Found a shimmering blue altar of Sif Muna.
   214 | D        | Found a radiant altar of Vehumet.
   219 | D        | Reached XP level 6. HP: 32/32 MP: 7/7
   221 | D        | Found Teluy's Book Emporium.
   221 | D        | Found an ancient bone altar of Kikubaaqudgha.
   221 | D        | Found a hazy altar of Hepliaklqana.
   221 | D        | Found a stormy altar of Qazlal.
   221 | D        | Found a hide-covered altar of Uskayaw.
   221 | D        | Found a blossoming altar of Fedhas.
   221 | D        | Found a bloodstained altar of Trog.
   221 | D        | Found an iron altar of Okawaru.
   221 | D        | Found a basalt altar of Yredelemnul.
   221 | D        | Found a glowing golden altar of the Shining One.
   221 | D        | Found a snail-covered altar of Cheibriados.
   221 | D        | Found a sacrificial altar of Ru.
   221 | D        | Found a glowing silver altar of Zin.
   221 | D        | Found a shadowy altar of Dithmenos.
   221 | D        | Found a white marble altar of Elyvilon.
   221 | D        | Noticed a yak
   222 | D        | Found an opulent altar of Gozag.
   223 | D        | Killed a yak
   224 | D        | Reached skill level 18 in Stealth
   224 | D        | Found a sparkling altar of Nemelex Xobeh.
   229 | D        | Became a worshipper of Warmaster Okawaru
   277 | D        | Found a burning altar of Makhleb.
   277 | D        | Found a viscous altar of Jiyva.
   277 | D        | Found a shimmering altar of Xom.
   277 | D        | Found a corrupted altar of Lugonu.
   277 | D        | Noticed a slime creature
   280 | D        | Killed a slime creature
   281 | D        | Reached skill level 19 in Stealth
   281 | D        | Reached XP level 7. HP: 36/36 MP: 8/8
   292 | D        | Noticed a kobold demonologist
   293 | D        | Noticed a kobold demonologist
   295 | D        | Reached * piety under Okawaru
   296 | D        | Reached skill level 20 in Stealth
   297 | D        | Killed a kobold demonologist
   298 | D        | Reached skill level 21 in Stealth
   298 | D        | Killed a kobold demonologist
   298 | D        | Reached ** piety under Okawaru
   299 | D        | Reached XP level 8. HP: 40/40 MP: 9/9
   323 | D        | Noticed Sonja
   327 | D        | Killed Sonja
   327 | D        | Reached *** piety under Okawaru
   328 | D        | Reached skill level 5 in Short Blades
   328 | D        | Reached skill level 23 in Stealth
   385 | D        | Found Nacirr's Jewellery Boutique.
   477 | D        | Noticed a deep troll
   481 | D        | Killed a deep troll
   481 | D        | Received a gift from Okawaru
   482 | D        | Reached skill level 24 in Stealth
   482 | D        | Reached XP level 9. HP: 45/45 MP: 10/10
   492 | D        | Found Neenuor's Armour Emporium.
   558 | D        | Noticed a demonic crawler
   558 | D        | Noticed a demonic crawler
   558 | D        | Noticed a demonic crawler
   558 | D        | Noticed a demonic crawler
   560 | D        | Killed a demonic crawler
   561 | D        | Reached skill level 25 in Stealth
   561 | D        | Killed a demonic crawler
   563 | D        | Killed a demonic crawler
   563 | D        | Reached **** piety under Okawaru
   564 | D        | Killed a demonic crawler
   565 | D        | Reached skill level 26 in Stealth
   579 | D        | Noticed a lindwurm
   581 | D        | Killed a lindwurm
   595 | D        | Reached ***** piety under Okawaru
   596 | D        | Reached skill level 27 in Stealth
   596 | D        | Reached XP level 10. HP: 49/49 MP: 11/11
   599 | D        | Reached skill level 5 in Dodging
   736 | D        | Reached skill level 10 in Throwing
   915 | D        | Reached skill level 5 in Fighting
  1143 | D        | Noticed a 12-headed hydra
  1145 | D        | Killed a 12-headed hydra
  1145 | D        | Received a gift from Okawaru
  1220 | D        | Noticed a centaur warrior
  1220 | D        | Noticed a centaur warrior
  1222 | D        | Killed a centaur warrior
  1222 | D        | Received a gift from Okawaru
  1224 | D        | Killed a centaur warrior
  1238 | D        | Reached XP level 11. HP: 56/56 MP: 12/12
  1250 | D        | Noticed an oklob plant
  1252 | D        | Killed an oklob plant
  1253 | D        | Reached skill level 10 in Short Blades
  1293 | D        | Reached skill level 10 in Dodging
  1832 | D        | Found Juqybeaw's Distillery.
  1832 | D        | Found Iweic's Antique Armour Boutique.
  2029 | D        | Found Retsius's Antique Armour Boutique.
  2029 | D        | Found Woeg's Weapon Emporium.
  2030 | D        | Found Iffot's Assorted Antiques.
  2031 | D        | Identified the +7 hand axe of the Whelk {venom, rF+}
  2103 | D        | Identified the +1 robe of the Evening {+Blink Str+6}
  2136 | D        | Found Wizxeipt's Jewellery Shop.
  2142 | D        | Found Zar Pemu's Magic Scroll Emporium.
  2142 | D        | Found Yfiyn's Book Shop.
  2142 | D        | Found Ickogegi's Jewellery Shoppe.
  2142 | D        | Found Jup Revove's Armour Boutique.
  2142 | D        | Found Ulunkain's Antique Weapon Emporium.
  2142 | D        | Found Voercholl's Antique Weapon Shop.
  2142 | D        | Found Josocaj's Book Shoppe.
  2146 | D        | Found Enkoil's Weapon Boutique.
  2166 | D        | Bought the ring "Zuwk" {Drain +Blink rElec rPois Int+9} for
                  | 543 gold pieces
  2170 | D        | Bought a book of Burglary for 392 gold pieces
  2177 | D        | Bought a ring of protection from fire for 275 gold pieces
  2182 | D        | Learned a level 3 spell: Swiftness
  2189 | D        | Learned a level 6 spell: Invisibility
  2258 | D        | Reached skill level 1 in Hexes
  2349 | D        | Noticed a lorocyproca
  2379 | D        | Slain by a lorocyproca

Illustrated notes

Levels and vault maps discovered:
D:        dungeon_sprint_1 [red_sonja_temple_1, red_sonja_temple_small_1]

Skill      XL: |  1  2  3  4  5  6  7  8  9 10 11 |
---------------+----------------------------------+-----
Stealth        | 9 13 16 19 21 24 27 | 27.0
Fighting       | 2 3 4 6 |  6.7
Throwing       | 3 5 6 7 8 12 | 12.8
Dodging        | 2 3 4 9 10 | 10.7
Short Blades   | 3 4 5 9 11 | 11.3
Hexes          | 1 |  1.2
Air Magic      | |  0.8

Action                   |  1- 3 |  4- 6 |  7- 9 | 10-12 || total
-------------------------+-------+-------+-------+-------++-------
Melee: Dagger            |     6 |     4 |    13 |   193 ||   216
Throw: Dart              |     5 |       |       |    10 ||    15
Invok: Heroism           |       |       |       |     1 ||     1
       Finesse           |       |       |       |     1 ||     1
  Use: Potion            |     1 |       |       |       ||     1
 Stab: Sleeping          |     1 |     4 |    13 |    19 ||    37
       Distracted        |       |       |       |     2 ||     2
Armor: Robe              |     1 |       |       |     6 ||     7
Dodge: Dodged            |     4 |       |       |    98 ||   102
